 Dungeon Crawl Stone Soup version 0.29-a0-96-g93358da72b (webtiles) character file.

Game seed: 8820958788178369611

3153 enile the Wallflower (level 9, -2/62 HPs)
             Began as an Octopode Brigand on Feb 11, 2022.
             Was an Initiate of Uskayaw.
             Slain by a wyvern zombie (14 damage)
             ... on level 7 of the Dungeon.
             The game lasted 00:16:42 (9860 turns).

enile the Wallflower (Octopode Brigand)             Turns: 9860, Time: 00:16:43

Health: -2/62      AC:  3    Str: 17    XL:     9   Next: 93%
Magic:  11/14      EV: 15    Int: 16    God:    Uskayaw [......]
Gold:   407        SH:  0    Dex: 15    Spells: 8/8 levels left

rFire   . . .      SeeInvis +   n - +8 mace of Mourning {venom, rPois Str+7}
rCold   . . .      Faith    .   (no shield)
rNeg    . . .      Spirit   .   (helmet restricted)
rPois   +          Reflect  .   (no amulet)
rElec   +          Harm     .   e - ring "Byekustrogu" {SInv Stlth+}
rCorr   .          Rampage  .   (no ring)
Will    .....                   (no ring)
Stlth   +++++.....              (no ring)
HPRegen 0.20/turn               (no ring)
MPRegen 0.14/turn               (no ring)
                                (no ring)
                                (no ring)

@: no status effects
A: almost no armour, amphibious, 8 rings, camouflage 1, gelatinous body 1,
(nimble swimmer 1), tentacles, antennae 1, tentacle spike 1, iridescent scales
1, electricity resistance
a: Renounce Religion


You were on level 7 of the Dungeon.
You worshipped Uskayaw.
Uskayaw was noncommittal.
You visited 2 branches of the dungeon, and saw 8 of its levels.

You collected 407 gold pieces.

Inventory:

Hand Weapons
 a - a +2 dagger
 d - a +1 hand axe of electrocution
 h - a +2 flail of protection
 n - the +8 mace of Mourning (weapon) {venom, rPois Str+7}
   (You found it on level 3 of the Dungeon)

   It poisons the flesh of those it strikes.
   Str:       It affects your strength (+7).
   rPois:     It protects you from poison.
 y - a +4 war axe
Missiles
 b - 15 poisoned darts (quivered)
 c - 2 curare-tipped darts
 k - 2 boomerangs
Jewellery
 e - the ring "Byekustrogu" (left tentacle) {SInv Stlth+}
   (You acquired it on level 6 of the Dungeon)

   [ring of see invisible]

   SInv:      It lets you see invisible.
   Stlth:     It makes you more stealthy.
Wands
 r - a wand of charming (7)
 u - a wand of flame (5)
 A - a wand of iceblast (14)
 B - a wand of paralysis (4)
Scrolls
 g - a scroll of amnesia
 j - 6 scrolls of teleportation
 m - a scroll of magic mapping
 o - 2 scrolls of vulnerability
 p - a scroll of fog
 q - a scroll of enchant armour
 w - a scroll of noise
 x - a scroll of enchant weapon {unknown}
 C - a scroll of identify
Potions
 f - a potion of curing
 l - 2 potions of heal wounds {unknown}
 s - a potion of cancellation {unknown}
 t - a potion of brilliance {unknown}
 v - 2 potions of might {unknown}
 z - a potion of lignification {unknown}


   Skills:
 + Level 6.2 Fighting
 - Level 3.0 Short Blades
 - Level 5.0 Maces & Flails
 - Level 4.0 Throwing
 - Level 6.0 Dodging
 - Level 6.0 Stealth
 - Level 7.0 Invocations
 - Level 5.0 Evocations


You had 8 spell levels left.
You didn't know any spells.
Your spell library contained the following spells:

 Spells                   Type           Power      Damage    Failure   Level
 Slow                     Hex            0%         N/A       26%         1
 Confusing Touch          Hex            0%         N/A       58%         3
 Summon Guardian Golem    Hex/Summ       0%         N/A       58%         3
 Vampiric Draining        Necr           0%         2d6       58%         3
 Orb of Destruction       Conj           0%         9d5       100%        7
 Spellforged Servitor     Conj/Summ      0%         N/A       100%        7


Dungeon Overview and Level Annotations

Branches:
Dungeon (7/15)             Temple (1/1) D:4

Altars:
Ashenzari
Cheibriados
Dithmenos
Elyvilon
Fedhas
Gozag
Hepliaklqana
Kikubaaqudgha
Makhleb
Nemelex Xobeh
Okawaru
Qazlal
Sif Muna
Trog
Uskayaw
Vehumet
Wu Jian
Xom
Yredelemnul
Zin
The Shining One

Shops:
D:4 :


Innate Abilities, Weirdness & Mutations

You cannot wear most types of armour.
You are amphibious.
You can wear up to eight rings at the same time.
Your skin changes colour to match your surroundings (Stealth+).
Your rubbery body absorbs attacks. (AC +1, EV +1)
((You are camouflaged when in or above water. (Stealth+)))
You have tentacles for arms and can constrict up to eight enemies at once.
You have a pair of small antennae on your head.
One of your tentacles bears a spike.
You are partially covered in iridescent scales. (AC +2)
You are resistant to electric shocks. (rElec)


Message History

You thump the wyvern zombie!
The wyvern zombie is moderately damaged.
The wyvern zombie bites you. The wyvern zombie bites you!
You hit the wyvern zombie. You squeeze the wyvern zombie.
The wyvern zombie is heavily damaged.
The wyvern zombie bites you!
Aiming: Throw Flame
Press: ? - help, Shift-Dir - straight line, f - wyvern zombie
Aim: a wyvern zombie (heavily damaged, 91% to hit)
The puff of flame hits the wyvern zombie.
The wyvern zombie is heavily damaged.
The wyvern zombie barely misses you.
Aiming: Throw Flame
Press: ? - help, Shift-Dir - straight line, f/p - wyvern zombie
Aim: a wyvern zombie (heavily damaged, 91% to hit)
The puff of flame hits the wyvern zombie.
The wyvern zombie is severely damaged.
The wyvern zombie bites you! x2
* * * LOW HITPOINT WARNING * * *
Okay, then.
Press: ? - help, v - describe, . - travel
Here: a wyvern zombie (severely damaged)
The floor.
You stomp with the beat, sending a shockwave through the revellers around you!
The wyvern zombie is almost destroyed.
You can no longer stomp with the beat.
The wyvern zombie barely misses you.
Okay, then.
You feel better. The wyvern zombie bites you.
* * * LOW HITPOINT WARNING * * *
You feel better. The wyvern zombie bites you!
* * * LOW HITPOINT WARNING * * *
The wyvern zombie barely misses you.
Okay, then.
It was a potion of mutation.
You feel extremely strange.
Iridescent scales grow over part of your body.
A pair of antennae grows on your head!
You feel insulated.
One of your lower tentacles grows a sharp spike.
The wyvern zombie bites you!
You die...

####..##
##..##
##......#
#...#
.........##
#...######
...###....#
#.....)[.# .#
###..#
#######)<.
##.## ###.
#..# ##.
#..########
##..
#...@Z....#
#.##
#.(..######.#
### ####.#
#.# ###


You could see a wyvern zombie.

Vanquished Creatures
  Pikel (D:7)
  4 yaks (D:7)
  An orc warrior (D:7)
  An ice beast (D:6)
  A black bear (D:5)
  A sky beast (D:7)
  2 ogres (D:6)
  2 lemures (D:7)
  A centaur (D:7)
  A kobold brigand (D:7)
  A bullfrog (D:7)
  2 scorpions
  7 killer bees
  A howler monkey (D:4)
  4 wights (D:6)
  A centaur zombie (D:6)
  2 orc priests
  A centaur skeleton (D:6)
  5 bullfrog skeletons
  7 orc wizards
  A killer bee zombie (D:6)
  2 hound skeletons
  9 adders
  A shadow imp (D:6)
  4 white imps
  An ufetubus (D:4)
  An adder skeleton (D:4)
  A dart slug (D:2)
  24 orcs
  6 endoplasms
  2 giant cockroaches (D:1)
  5 goblins
  3 hobgoblins
  8 jackals (D:1)
  10 kobolds
  3 quokkas
  6 ball pythons
  2 bats (D:3)
  2 frilled lizards
  3 rats (D:1)
140 creatures vanquished.

Vanquished Creatures (collateral kills)
  2 killer bees (D:7)
2 creatures vanquished.

Vanquished Creatures (others)
  A killer bee (D:7)
  14 fungi (D:5)
15 creatures vanquished.

Grand Total: 157 creatures vanquished

Notes
Turn   | Place    | Note
-------+----------+-------------------------------------------
     0 | D:1      | enile the Octopode Brigand began the quest for the Orb.
     0 | D:1      | Reached XP level 1. HP: 14/14 MP: 1/1
    83 | D:1      | Reached XP level 2. HP: 20/20 MP: 2/2
   586 | D:1      | Reached XP level 3. HP: 25/26 MP: 3/3
  1497 | D:2      | Reached XP level 4. HP: 10/31 MP: 4/4
  2687 | D:3      | Identified the +8 mace of Mourning {venom, rPois Str+7}
  3314 | D:4      | Reached skill level 1 in Maces & Flails
  3314 | D:4      | Reached XP level 5. HP: 21/37 MP: 5/5
  3849 | D:4      | Reached XP level 6. HP: 43/43 MP: 6/6
  3929 | D:4      | Found a staircase to the Ecumenical Temple.
  4200 | D:4      | Found Qimo's Book Emporium.
  4321 | D:5      | Entered Level 5 of the Dungeon
  4664 | D:5      | Noticed a sky beast
  5369 | D:6      | Noticed a black bear
  5378 | D:6      | Reached XP level 7. HP: 39/49 MP: 7/7
  5397 | D:5      | Reached skill level 5 in Fighting
  5632 | D:6      | Reached skill level 1 in Evocations
  6168 | D:5      | Reached XP level 8. HP: 46/55 MP: 8/8
  6324 | Temple   | Entered the Ecumenical Temple
  6673 | Temple   | Became a worshipper of Uskayaw the Reveller
  6767 | D:6      | Reached * piety under Uskayaw
  6889 | D:6      | Reached ** piety under Uskayaw
  6893 | D:6      | Reached skill level 5 in Maces & Flails
  6893 | D:6      | Reached skill level 1 in Invocations
  6895 | D:6      | Reached *** piety under Uskayaw
  6897 | D:6      | Reached **** piety under Uskayaw
  6900 | D:6      | Reached skill level 2 in Invocations
  6903 | D:6      | Reached ***** piety under Uskayaw
  6905 | D:6      | Reached skill level 3 in Invocations
  7289 | D:6      | Reached skill level 4 in Invocations
  7290 | D:6      | Identified a scroll of acquirement
  7291 | D:6      | Acquired the ring "Byekustrogu" {SInv Stlth+}
  7406 | D:6      | Identified the +1 pair of boots of Hopscotch {Will+ Int+4}
  7458 | D:6      | Reached skill level 5 in Invocations
  7764 | D:7      | Noticed a yak
  7767 | D:7      | Noticed a yak
  7767 | D:7      | Noticed a yak
  7767 | D:7      | Noticed a yak
  7797 | D:7      | Killed a yak
  7798 | D:7      | Reached skill level 6 in Invocations
  7805 | D:7      | Killed a yak
  7806 | D:7      | Reached XP level 9. HP: 35/62 MP: 13/13
  8052 | D:7      | Reached skill level 5 in Dodging
  8768 | D:7      | Reached skill level 5 in Evocations
  9396 | D:7      | Noticed Pikel
  9423 | D:7      | Killed Pikel
  9424 | D:7      | Reached skill level 7 in Invocations
  9860 | D:7      | Gained mutation: You are partially covered in iridescent
                  | scales. (AC +2) [potion of mutation]
  9860 | D:7      | Gained mutation: You have a pair of small antennae on your
                  | head. [potion of mutation]
  9860 | D:7      | Gained mutation: You are resistant to electric shocks.
                  | (rElec) [potion of mutation]
  9860 | D:7      | Gained mutation: One of your tentacles bears a spike.
                  | [potion of mutation]
  9860 | D:7      | Slain by a wyvern zombie

Illustrated notes

Levels and vault maps discovered:
D:1:      denvon_arrival_waterhouse, layout_basic, kennysheep_flooded_box
D:2:      layout_loops_ring
D:3:      layout_loops_ring
D:4:      layout_loops_corners, minmay_temple_entry_glassed_door, serial_shops,
          shop
D:5:      layout_rooms, serial_aquarium, aquarium_bridge_square
          [aquarium_subvault_balcony, aquarium_subvault_bridge,
          aquarium_subvault_balcony, aquarium_subvault_bridge],
          aquarium_window_corner, aquarium_window_1, aquarium_window_corridor_3,
          aquarium_window_fake, aquarium_view_2c, aquarium_view_2d,
          aquarium_balcony_5b, aquarium_pool_split
D:6:      layout_rooms, minmay_misc_feat_room
D:7:      layout_layer_cave, uniq_pikel
Temple:   mainiacjoe_temple_circle_huts

Skill      XL: |  1  2  3  4  5  6  7  8  9 |
---------------+----------------------------+-----
Fighting       | 3 4 5 6 |  6.2
Short Blades   | 3 |  3.0
Stealth        | 6 |  6.0
Maces & Flails | 1 3 4 5 |  5.0
Dodging        | 3 4 6 |  6.0
Evocations     | 3 5 |  5.0
Invocations    | 6 7 |  7.0
Throwing       | 4 |  4.0

Action                   |  1- 3 |  4- 6 |  7- 9 || total
-------------------------+-------+-------+-------++-------
Melee: Dagger            |    61 |    19 |       ||    80
       Constrict         |    13 |    14 |    21 ||    48
       Tentacles         |    12 |    14 |    35 ||    61
       Punch             |     1 |     1 |     1 ||     3
       Mace              |       |    51 |   127 ||   178
Throw: Dart              |     2 |     5 |    17 ||    24
Invok: Stomp             |       |       |     1 ||     1
Evoke: Wand              |       |     1 |    18 ||    19
  Use: Potion            |       |     1 |     4 ||     5
       Scroll            |       |       |    10 ||    10
 Stab: Sleeping          |    12 |    16 |     1 ||    29
       Distracted        |       |     1 |       ||     1
       Paralysed         |       |       |     5 ||     5
Armor: Skin              |     1 |     3 |    10 ||    14
Dodge: Dodged            |    22 |    51 |   104 ||   177

Table legend: (Time is in decaauts)
 A = Elapsed time spent in this place.
 B = Non-inter-level travel time spent in this place.
 C = Inter-level travel time spent in this place.
 D = Time resting spent in this place.
 E = Time spent auto-exploring this place.
 F = Levels seen in this place.
 G = Mean time per level.
                   A        B        C        D        E       F      G
               +--------+--------+--------+--------+--------+-----+--------+
         Total |   9898 |   9504 |    394 |   2082 |   6070 |   8 | 1237.2 |
       Dungeon |   9537 |   9190 |    347 |   2082 |   5776 |   7 | 1362.4 |
        Temple |    361 |    315 |     46 |      0 |    294 |   1 |  361.0 |
               +--------+--------+--------+--------+--------+-----+--------+

Top non-repeatable levels by time:
     D:5: 1838 daAuts
     D:7: 1595 daAuts
     D:6: 1436 daAuts
     D:4: 1393 daAuts
     D:2: 1192 daAuts
     D:1: 1134 daAuts
     D:3: 947 daAuts
  Temple: 361 daAuts
